cohdb
Replays
Latest Replays
All Replays
Popular Replays
Top Player Replays
Match Explorer
How It Works
Community
CoH3 Stats
Reddit
Sign in to upload your games and track your stats! →
Sign in with Steam
Match 42401679
Unlisted
Match 42401679
Overview
Messages
Build Orders
End
Scout Squad
Construct Weapon Support Center
M1919 Machine Gun Team
M1919 Machine Gun Team
Bazooka Squad
Infantry Support Center
Construct Barracks
Riflemen Squad
M3 Armored Personnel Carrier
Grenade Package
Selects Heavy Weapons
Selects Assault Carriers
Selects Exchangeable Parts
Selects M2HB .50cal Heavy Machine Gun
Construct Medical Station
M3 Assault Carrier
M3 Assault Carrier
Riflemen Squad
Advanced Logistics
M1918 Browning Automatic Rifles
M3 Assault Carrier
Riflemen Squad
Engineer Squad
Riflemen Squad
Selects M26 Pershing Heavy Tank
M26 Pershing Heavy Tank
Engineer Squad
Selects Rapid Reposition
Riflemen Squad
Riflemen Squad
Insomniac
TechBee
Rutherford B. Hayes
Uwe Berger
0
0
Comments
sign in to comment!
No comments posted yet!